 Dungeon Crawl Stone Soup version 0.22-a0-565-gfc6459a (webtiles) character file.

1059 Azzok the Geomancer (level 8, -1/41 HPs)
             Began as a Gargoyle Earth Elementalist on June 28, 2018.
             Slain by a black bear (3 damage)
             ... on level 6 of the Dungeon.
             The game lasted 00:11:14 (6358 turns).

Azzok the Geomancer (Gargoyle Earth Elementalist)   Turns: 6358, Time: 00:11:15

Health: -1/41      AC:  8    Str: 12    XL:     8   Next: 27%
Magic:  13/14      EV: 12    Int: 18    God:
Gold:   261        SH:  0    Dex: 14    Spells: 6/15 levels left

rFire    . . .     SeeInvis .   k - +2 whip (holy)
rCold    . . .     Gourm    .   (no shield)
rNeg     + + .     Faith    .   c - +0 robe
rPois    ∞         Spirit   .   (no helmet)
rElec    +         Reflect  .   (no cloak)
rCorr    .         Harm     .   i - +0 pair of gloves
MR       .....                  (no boots)
Stlth    ++........             (no amulet)
HPRegen  0.13/turn              m - ring of positive energy
MPRegen  0.14/turn              s - +4 ring of dexterity

@: starving
A: negative energy resistance 1, electricity resistance, unbreathing,
petrification resistance, rot immunity, AC +5
a: no special abilities


You were on level 6 of the Dungeon.
You were starving.

You visited 1 branch of the dungeon, and saw 6 of its levels.

You collected 261 gold pieces.

Inventory:

Hand Weapons
 k - a +2 whip of holy wrath (weapon)
Missiles
 b - 129 stones (quivered)
Armour
 c - a +0 robe (worn)
 i - a +0 pair of gloves (worn)
Jewellery
 m - a ring of positive energy (left hand)
 s - a +4 ring of dexterity (right hand)
Wands
 v - a wand of disintegration (10)
Scrolls
 a - 4 scrolls of identify {unknown}
 e - 3 scrolls of fear {unknown}
 g - 5 scrolls of remove curse
 j - a scroll of teleportation {unknown}
 o - 2 scrolls of fog {unknown}
 p - 2 scrolls of enchant armour {unknown}
 u - a scroll of blinking {unknown}
 y - a scroll of noise {unknown}
Potions
 f - 3 potions of magic {unknown}
 h - a potion of flight {unknown}
 l - 2 potions of invisibility {unknown}
 n - a potion of heal wounds {unknown}
 q - 4 potions of curing {unknown}
 r - 2 potions of agility
Comestibles
 d - 6 rations


   Skills:
 - Level 1.8 Dodging
 - Level 2.5 Stealth
 - Level 4.0 Spellcasting
 + Level 5.5 Conjurations
   Level 0.7 Transmutations
 + Level 8.7 Earth Magic


You had 6 spell levels left.
You knew the following spells:

 Your Spells              Type           Power        Failure   Level  Hunger
a - Sandblast             Erth           #####.       1%          1    None
b - Stone Arrow           Conj/Erth      ####..       2%          3    ###....
c - Lee's Rapid Deconstr  Erth           #####.....   12%         5    ######.

Your spell library contained the following spells:

 Spells                   Type           Power        Failure   Level  Hunger
 Passwall                 Tmut/Erth      ###.....     3%          2    ##.....
 Petrify                  Tmut/Erth      ###.....     22%         4    ####...


Dungeon Overview and Level Annotations

Branches:
Dungeon (6/15)
 Temple: D:4-7

Altars:
Cheibriados
Dithmenos
Hepliaklqana
Kikubaaqudgha
Okawaru
Wu Jian
Zin

Annotations:
D:4 3 runed doors, Paulus's ghost, novice VSFi
D:6 Pikel


Innate Abilities, Weirdness & Mutations

You are resistant to torment.
Your stone body is resilient. (AC +5)
You are immune to poison.
You resist negative energy. (rN+)
You are resistant to electric shocks. (rElec)
You can survive without breathing.
You are immune to petrification.
You are immune to rotting.


Message History

The black bear closely misses you. The black bear claws you.
The black bear closely misses you.
The black bear bites you but does no damage.
The black bear claws you.
The black bear claws you but does no damage.
You hear a shout! x2
The black bear closely misses you. The black bear barely misses you.
The black bear claws you but does no damage.
The black bear closely misses you. The black bear claws you.
* * * LOW HITPOINT WARNING * * *
The black bear closely misses you. The black bear closely misses you.
The black bear misses you.
The black bear claws you but does no damage.
There is a stone staircase leading up here.
The black bear bites you!
* * * LOW HITPOINT WARNING * * *
The black bear claws you.
* * * LOW HITPOINT WARNING * * *
The black bear claws you.
You die...

·······▒·▒
▒▒▒·▒▒·▒▒·▒
▒·········▒
▒······▒··▒
▒······▒··▒
▒······▒··▒▒▒
▒····▒▒▒····▒
▒▒▒·▒▒▒▒·▒▒'▒··
▒··@ho··········
▒····o··········
▒·················
▒·················
▒·················
▒▒▒▒▒▒▒▒▒▒▒▒▒▒▒▒·▒


You could see an orc warrior, a black bear (berserk) and an orc.

Vanquished Creatures
  Sigmund (D:2)
  2 slaves (D:5)
  A sky beast (D:6)
  3 ogres
  A centaur (D:5)
  A scorpion (D:5)
  2 crimson imps (D:5)
  A bullfrog zombie (D:5)
  Jessica (D:2)
  4 worker ants
  5 adders
  7 gnolls
  A shadow imp (D:5)
  2 oozes
  3 worms (D:2)
  4 dart slugs
  A leopard gecko (D:5)
  9 orcs
  6 bats
  2 bat zombies (D:3)
  3 giant cockroaches
  5 goblins
  5 hobgoblins
  5 jackals
  3 kobolds
  4 quokkas
  5 frilled lizards
  A quokka zombie (D:5)
  6 rats
  A rat zombie (D:3)
95 creatures vanquished.

Notes
Turn   | Place    | Note
-------+----------+-------------------------------------------
     0 | D:1      | Azzok the Gargoyle Earth Elementalist began the quest for the Orb.
     0 | D:1      | Reached XP level 1. HP: 10/10 MP: 3/3
   234 | D:1      | Reached XP level 2. HP: 12/15 MP: 1/5
   578 | D:1      | Reached skill level 4 in Earth Magic
   825 | D:1      | Reached XP level 3. HP: 18/19 MP: 3/6
   830 | D:1      | Learned a level 3 spell: Stone Arrow
  1198 | D:2      | Reached skill level 5 in Earth Magic
  1238 | D:1      | Reached XP level 4. HP: 24/24 MP: 0/7
  1387 | D:2      | Noticed Jessica
  1390 | D:2      | Killed Jessica
  1390 | D:2      | Reached skill level 6 in Earth Magic
  1610 | D:2      | Noticed Sigmund
  1655 | D:2      | Killed Sigmund
  1655 | D:2      | Reached XP level 5. HP: 14/28 MP: 4/9
  1655 | D:2      | Reached XP level 6. HP: 16/32 MP: 4/10
  2056 | D:2      | Found a glowing silver altar of Zin.
  3312 | D:3      | Found an ancient bone altar of Kikubaaqudgha.
  3445 | D:4      | Found an iron altar of Okawaru.
  3459 | D:4      | Found a snail-covered altar of Cheibriados.
  3462 | D:4      | Found a runed gate.
  3462 | D:4      | Found a runed gate.
  3462 | D:4      | Found a runed gate.
  3864 | D:4      | Found an ornate altar of the Wu Jian Council.
  3881 | D:4      | Noticed Paulus's ghost (novice VSFi)
  3881 | D:4      | Noticed an ice beast
  3882 | D:4      | Noticed an ice beast
  3900 | D:4      | Found a hazy altar of Hepliaklqana.
  4049 | D:4      | Reached skill level 7 in Earth Magic
  4049 | D:4      | Reached XP level 7. HP: 36/36 MP: 5/12
  4160 | D:5      | Entered Level 5 of the Dungeon
  4710 | D:5      | Learned a level 5 spell: Lee's Rapid Deconstruction
  4727 | D:5      | Found a shadowy altar of Dithmenos.
  5222 | D:5      | Reached skill level 8 in Earth Magic
  5464 | D:5      | Reached XP level 8. HP: 41/41 MP: 7/14
  5513 | D:5      | Reached skill level 5 in Conjurations
  6087 | D:6      | Noticed Pikel
  6358 | D:6      | HP: 2/41 [black bear (1)]
  6358 | D:6      | Slain by a black bear

Vault maps used:
D:1:      mrwooster_arrival_arrow
D:2:      zin_statuary, uniq_sigmund, uniq_jessica
D:3:      lemuel_zombie_altar_kikubaaqudgha
D:4:      kennysheep_little_box, okawaru_trees_2, overflow_temple_1_default,
          nicolae_overflow_hidden_temple, gammafunk_ghost_icy, first_ration,
          moated_statue
D:5:      nicolae_dithmenos_shadow_blocks
D:6:      uniq_pikel

Skill      XL: |  1  2  3  4  5  6  7  8 |
---------------+-------------------------+-----
Earth Magic    | 4 5 6 7 8 |  8.7
Spellcasting   | 3 4 |  4.0
Conjurations   | 2 3 4 5 |  5.5
Dodging        | |  1.8
Stealth        | |  2.5
Transmutations | |  0.7

Action                   |  1- 3 |  4- 6 |  7- 9 || total
-------------------------+-------+-------+-------++-------
Melee: Unarmed           |    24 |       |       ||    24
       Whip              |       |    87 |    57 ||   144
 Cast: Sandblast         |    38 |     8 |    11 ||    57
       Stone Arrow       |     2 |    17 |    42 ||    61
  Use: Scroll            |       |       |     1 ||     1
 Stab: Sleeping          |       |     3 |       ||     3
  Eat: Chunk             |     2 |     9 |     3 ||    14
       Ration            |       |       |     2 ||     2
Armor: Robe              |     5 |    43 |    45 ||    93
Dodge: Dodged            |    22 |    82 |    72 ||   176

Table legend:
 A = Spawn XP
 B = Non-spawn XP
 C = Spawn XP percentage of total XP
 D = Spawn monster count
 E = Non-spawn monster count
 F = Spawn count percentage of total count
 G = Total turns spent on level
                    A         B        C        D         E        F      G
               +---------+---------+-------+---------+---------+-------+---------
         Total |       0 |    1514 |   0.0 |       0 |      93 |   0.0 |  6358
               +---------+---------+-------+---------+---------+-------+---------
           D:1 |       0 |      51 |   0.0 |       0 |      20 |   0.0 |   958
           D:2 |       0 |     385 |   0.0 |       0 |      23 |   0.0 |  1508
           D:3 |       0 |      65 |   0.0 |       0 |      19 |   0.0 |   940
           D:4 |       0 |     128 |   0.0 |       0 |       4 |   0.0 |   980
           D:5 |       0 |     752 |   0.0 |       0 |      26 |   0.0 |  1864
           D:6 |       0 |     133 |   0.0 |       0 |       1 |   0.0 |   108
               +---------+---------+-------+---------+---------+-------+---------
